 Dungeon Crawl Stone Soup version 0.20.1-1-g8b1a95d (webtiles) character file.

59 lotsofdiagrams the Magician (level 3, -3/16 HPs)
             Began as a Spriggan Earth Elementalist on Aug 29, 2017.
             Slain by Crazy Yiuf
             ... wielding a +4 quarterstaff of chaos
              (19 damage)
             ... on level 2 of the Dungeon.
             The game lasted 00:06:41 (1851 turns).

lotsofdiagrams the Magician (SpEE)                  Turns: 1851, Time: 00:06:43

Health: -3/16      AC:  2    Str:  4    XL:     3   Next: 78%
Magic:  4/9        EV: 18    Int: 17    God:
Gold:   39         SH:  0    Dex: 16    Spells: 5/9 levels left

rFire    . . .     SeeInvis +   f - +0 short sword
rCold    . . .     Gourm    .   (shield restricted)
rNeg     . . .     Faith    .   c - +0 robe
rPois    .         Spirit   .   (helmet restricted)
rElec    .         Reflect  .   (no cloak)
rCorr    +         Harm     .   (gloves unavailable)
MR       .....                  (boots unavailable)
Stlth    +++.......             (no amulet)
Regen    0.1/turn               m - ring of resist corrosion
MPRegen  0.2/turn               (no ring)

@: very slightly contaminated, very quick
A: unfitting armour, see invisible, herbivore 3, speed 3, slow metabolism 2
a: no special abilities


You were on level 2 of the Dungeon.
You were hungry.

You visited 1 branch of the dungeon, and saw 2 of its levels.

You collected 39 gold pieces.

Inventory:

Hand Weapons
 f - a +0 short sword (weapon)
Missiles
 b - 21 stones (quivered)
Armour
 c - a +0 robe (worn)
Jewellery
 m - a ring of resist corrosion (left hand)
Scrolls
 h - 3 scrolls of identify {unknown}
 k - a scroll of teleportation {unknown}
Potions
 a - a potion of resistance {unknown}
 g - a potion of heal wounds {unknown}
 i - a potion of ambrosia {unknown}
 l - 2 potions of curing
 n - a potion of lignification {unknown}
 o - a potion of agility {unknown}
 p - a potion of invisibility {unknown}
 q - 2 potions of haste {unknown}
Books
 e - a book of Geomancy

   Spells                             Type                      Level
   a - Sandblast                      Earth                        1
   b - Passwall                       Transmutation/Earth          2
   c - Stone Arrow                    Conjuration/Earth            3
   d - Petrify                        Transmutation/Earth          4
   e - Lee's Rapid Deconstruction     Earth                        5
Comestibles
 d - 2 bread rations
 j - a royal jelly


   Skills:
 + Level 3.0 Dodging
 + Level 3.6 Stealth
 + Level 3.7 Spellcasting
   Level 1.3 Transmutations
 + Level 3.6 Earth Magic


You had 5 spell levels left.
You knew the following spells:

 Your Spells              Type           Power        Failure   Level  Hunger
a - Sandblast             Erth           ###...       3%          1    None
b - Stone Arrow           Conj/Erth      #.....       22%         3    ###....


Dungeon Overview and Level Annotations

Branches:
Dungeon (2/15)

Altars:
Ashenzari
Uskayaw

Annotations:
D:2 Crazy Yiuf


Innate Abilities, Weirdness & Mutations

You are very small and have problems with some larger weapons.
You are too small for most types of armour.
You have supernaturally acute eyesight. (SInv)
You are a herbivore.
You cover ground extremely quickly.
You need consume almost no food.


Message History

You are very lightly contaminated with residual magic.
You are showered with tiny particles of grit.
Casting: Sandblast
Confirm with . or Enter, or press ? or * to list all spells.
Aiming: Sandblast
Press: ? - help, Shift-Dir - straight line, f/p - Crazy Yiuf
Aim: Crazy Yiuf, wielding a quarterstaff of chaos and wearing a cloak (moderately wounded)
Okay, then.
Casting: Sandblast
Confirm with . or Enter, or press ? or * to list all spells.
Aiming: Sandblast
Press: ? - help, Shift-Dir - straight line, f/p - Crazy Yiuf
Aim: Crazy Yiuf, wielding a quarterstaff of chaos and wearing a cloak (moderately wounded)
The blast of sand hits Crazy Yiuf.
Crazy Yiuf is moderately wounded.
b - 21 stones Crazy Yiuf cries, "Fire horse koolooloo!"
Crazy Yiuf hits you with a quarterstaff of chaos!!
Ouch! That really hurt!
You die...

#.....).......##...........#.
#...#.##############......##.
##............ #......##.
#...######### ##........
#...# #........ #...#
#######.....##. #...# ###
###.#.P.......... #...#
#...##..#.PP....###... #...#
#...g@####......# #... #####
#)..### ##P...## #### ###
######


You could see Crazy Yiuf.

Vanquished Creatures
  An adder (D:2)
  An ooze (D:2)
  2 worms (D:2)
  A dart slug (D:2)
  A leopard gecko (D:1)
  A ball python (D:1)
  A giant cockroach (D:1)
  3 goblins (D:2)
  5 hobgoblins
  3 jackals (D:1)
  5 bats
  6 frilled lizards
  4 kobolds
  4 rats
38 creatures vanquished.

Notes
Turn   | Place    | Note
-------+----------+-------------------------------------------
     0 | D:1      | lotsofdiagrams the Spriggan Earth Elementalist began the quest for the Orb.
     0 | D:1      | Reached XP level 1. HP: 9/9 MP: 5/5
   256 | D:1      | Reached XP level 2. HP: 13/13 MP: 4/6
   805 | D:2      | Found a hide-covered altar of Uskayaw.
   808 | D:2      | Noticed a hand axe
   808 | D:2      | Noticed a dagger
   839 | D:2      | Reached XP level 3. HP: 15/16 MP: 6/8
   844 | D:2      | Learned a level 3 spell: Stone Arrow
  1268 | D:2      | Found a shattered altar of Ashenzari.
  1760 | D:2      | Found a runed door.
  1848 | D:2      | Noticed Crazy Yiuf
  1851 | D:2      | Slain by Crazy Yiuf

Skill      XL: |  1  2 |
---------------+-------+-----
Earth Magic    | 3 |  3.6
Spellcasting   | 3 |  3.7
Dodging        | |  3.0
Stealth        | |  3.6
Transmutations | |  1.3

Action                   || total
-------------------------++-------
 Cast: Sandblast         ||    37
       Stone Arrow       ||    17
  Use: Potion            ||     1
Armor: Robe              ||     2
Dodge: Dodged            ||    11
